 Dungeon Sprint DCSS version 0.27-a0-1140-g099f9bb0e8 (webtiles) character file.

Game seed: 8058657516055271573

10592 mhtbhm the Sorcerer (level 11, -4/54 HPs)
             Began as a Deep Elf Earth Elementalist on May 8, 2021.
             Was the Champion of Vehumet.
             Slain by a black mamba (13 damage)
             ... in the Dungeon (Sprint VII: "The Pits").
             The game lasted 00:05:37 (2534 turns).

mhtbhm the Sorcerer (Deep Elf Earth Elementalist)   Turns: 2534, Time: 00:05:37

Health: -4/54      AC:  3    Str:  8    XL:     11   Next: 38%
Magic:  25/39      EV: 14    Int: 27    God:    Vehumet [******]
Gold:   0          SH:  0    Dex: 15    Spells: 24/55 levels left

rFire    . . .     SeeInvis .   l - +2 dagger
rCold    . . .     Faith    .   (no shield)
rNeg     . . .     Spirit   .   c - +0 robe
rPois    .         Reflect  .   r - +0 hat {Will+}
rElec    .         Harm     .   q - +0 cloak
rCorr    .         Rampage  .   (no gloves)
Will     ++...     NoTele   +   (no boots)
Stlth    ++++......             (no amulet)
HPRegen  0.18/turn              m - +3 ring of intelligence
MPRegen  0.26/turn              n - +3 ring of strength

@: lethally poisoned (-4 -> -18), very slightly contaminated
A: no striking features
a: Renounce Religion


You were in the Dungeon.
You worshipped Vehumet.
Vehumet was exalted by your worship.
You visited 1 branch

Inventory:

Hand Weapons
 l - a +2 dagger (weapon)
Missiles
 b - 31 stones
 s - a curare-tipped dart (quivered)
Armour
 c - a +0 robe (worn)
 q - a +0 cloak (worn)
 r - a +0 hat of willpower (worn)
Jewellery
 m - a +3 ring of intelligence (left hand)
 n - a +3 ring of strength (right hand)
Scrolls
 i - a scroll of blinking
 j - 5 scrolls of amnesia
 k - a scroll of summoning
Potions
 a - 2 potions of invisibility
 d - 4 potions of curing
 e - 5 potions of heal wounds
 f - 2 potions of haste
 g - 4 potions of magic
 h - 3 potions of berserk rage
 o - 2 potions of brilliance
 p - a potion of mutation


   Skills:
 + Level 0.2 Fighting
 + Level 6.0 Dodging
 + Level 7.0 Stealth
 + Level 22.7 Spellcasting
 + Level 5.0 Conjurations
 + Level 1.6 Transmutations
 + Level 19.4 Earth Magic


You had 24 spell levels left.
You knew the following spells:

 Your Spells              Type           Power      Damage    Failure   Level
a - Sandblast             Erth           100%       2d20      0%          1
b - Passwall              Tmut/Erth      60%        N/A       1%          2
c - Stone Arrow           Conj/Erth      100%       3d13      0%          3
d - Lee's Rapid Deconstr  Erth           47%        3d23*     0%          5
e - Petrify               Tmut/Erth      72%        N/A       1%          4
f - Inner Flame           Hex/Fire       30%        N/A       1%          3
g - Freezing Cloud        Conj/Ice/Air   19%        6-21      22%         6
h - Spellforged Servitor  Conj/Summ      22%        N/A       63%         7

Your spell library contained the following spells:

 Spells                   Type           Power      Damage    Failure   Level
 Irradiate                Conj/Tmut      24%        3d21      2%          5


Dungeon Overview and Level Annotations

Branches:
Dungeon (1/1)

Altars:
Ashenzari
Cheibriados
Dithmenos
Elyvilon
Fedhas
Gozag
Hepliaklqana
Kikubaaqudgha
Makhleb
Nemelex Xobeh
Okawaru
Qazlal
Ru
Sif Muna
Trog
Uskayaw
Vehumet
Wu Jian
Xom
Yredelemnul
Zin
The Shining One
Beogh
Jiyva
Lugonu


Message History

Unknown command.
Casting: Petrify (safe; 1% risk of failure)
Confirm with . or Enter, or press ? or * to list all spells.
Aiming: Lee's Rapid Deconstruction (safe; 0% risk of failure)
Press: ? - help, Dir - move target, p - boulder beetle An open door.
The stone door frame shatters!
The blast of rock fragments hits the boulder beetle but does no damage.
The boulder beetle is moderately wounded.
The blast of rock fragments hits the guardian serpent!!
The guardian serpent is severely wounded.
The blast of rock fragments hits the black mamba!!
The black mamba is severely wounded.
The merfolk shouts!
You feel sick. The black mamba bites you!
You are lethally poisoned!
The black mamba poisons you! The black mamba bites you.
* * * LOW HITPOINT WARNING * * *
The boulder beetle stops rolling and uncurls.
Unknown command.
Unknown command.
Casting: Lee's Rapid Deconstruction (safe; 0% risk of failure)
Confirm with . or Enter, or press ? or * to list all spells.
Aiming: Lee's Rapid Deconstruction (safe; 0% risk of failure)
Press: ? - help, Dir - move target, f - guardian serpent Fragment what (e.g. wall or brittle monster)?: a guardian serpent (severely wounded)
An open door.
The stone door frame shatters!
The blast of rock fragments hits the guardian serpent!!
You kill the guardian serpent!
Vehumet accepts your kill.
You feel your power returning.
The blast of rock fragments hits the boulder beetle but does no damage.
The boulder beetle is moderately wounded.
The blast of rock fragments hits the black mamba!
The black mamba is almost dead.
* * * LOW HITPOINT WARNING * * *
You feel very sick. The black mamba closely misses you.
The black mamba bites you!
You die...

######################
################ ###
#......).......###..#
##.....))......†#..#
####..)#'######..†##
#..#####.##. ##'##
#....##...#.. #...#
'.....#...#..m#...#
'.....'...+.)B'S@.+
'.....#...#...#...#
#....##...#.. #...#
#..#####.##. ##+##
####...#†######.
##....).........
#..............#
################


You could see a boulder beetle, a merfolk and a black mamba.

Vanquished Creatures
  Gastronok (D)
  Erica (D)
  An orc high priest (D)
  A shadow wraith (D)
  A swamp dragon (D)
  A manticore (D)
  A guardian serpent (D)
  A smoke demon (D)
  A molten gargoyle (D)
  A komodo dragon (D)
  An efreet (D)
  2 guardian mummies (D)
  An ice devil (D)
  2 trolls (D)
  3 blink frogs (D)
  A tyrant leech (D)
  5 dream sheep (D)
  2 wraiths (D)
  A fire elemental (D)
  A tarantella (D)
  2 redbacks (D)
  An acid dragon (D)
  3 floating eyes (D)
  A water moccasin (D)
  4 orc warriors (D)
  A centaur (D)
  5 wolves (D)
  A kobold brigand (D)
  A scorpion (D)
  An iguana (D)
  An orc wizard (D)
  2 adders (D)
  2 river rats (D)
  A white imp (D)
  An ufetubus (D)
  A worm (D)
  4 orcs (D)
  2 ball pythons (D)
  4 giant cockroaches (D)
  A hobgoblin (D)
  3 jackals (D)
  2 ball python skeletons (D)
  A giant cockroach zombie (D)
  A jackal skeleton (D)
75 creatures vanquished.

Notes
Turn   | Place    | Note
-------+----------+-------------------------------------------
     0 | D        | mhtbhm the Deep Elf Earth Elementalist began the quest for
                  | the Orb.
     0 | D        | Reached XP level 1. HP: 10/10 MP: 6/6
    11 | D        | Noticed a floating eye
    15 | D        | Killed a floating eye
    16 | D        | Reached skill level 6 in Spellcasting
    16 | D        | Reached XP level 2. HP: 15/15 MP: 3/11
    16 | D        | Reached XP level 3. HP: 19/19 MP: 3/12
    16 | D        | Reached XP level 4. HP: 24/24 MP: 3/14
   254 | D        | Found a bloodstained altar of Trog.
   254 | D        | Found a shimmering blue altar of Sif Muna.
   254 | D        | Found a viscous altar of Jiyva.
   254 | D        | Found a hazy altar of Hepliaklqana.
   254 | D        | Found an opulent altar of Gozag.
   255 | D        | Found a glowing golden altar of the Shining One.
   255 | D        | Found a glowing silver altar of Zin.
   255 | D        | Found a basalt altar of Yredelemnul.
   255 | D        | Found a shimmering altar of Xom.
   255 | D        | Found an ornate altar of the Wu Jian Council.
   255 | D        | Found a sacrificial altar of Ru.
   255 | D        | Found a stormy altar of Qazlal.
   255 | D        | Found an iron altar of Okawaru.
   255 | D        | Found a sparkling altar of Nemelex Xobeh.
   255 | D        | Found a burning altar of Makhleb.
   255 | D        | Found a blossoming altar of Fedhas.
   255 | D        | Found a white marble altar of Elyvilon.
   255 | D        | Found a shadowy altar of Dithmenos.
   255 | D        | Found a snail-covered altar of Cheibriados.
   257 | D        | Found a radiant altar of Vehumet.
   257 | D        | Found a corrupted altar of Lugonu.
   258 | D        | Found a hide-covered altar of Uskayaw.
   258 | D        | Found an ancient bone altar of Kikubaaqudgha.
   258 | D        | Found a broken altar of Ashenzari.
   265 | D        | Became a worshipper of Vehumet
   306 | D        | Learned a level 2 spell: Passwall
   310 | D        | Learned a level 3 spell: Stone Arrow
   432 | D        | Noticed a floating eye
   433 | D        | Killed a floating eye
   433 | D        | Reached * piety under Vehumet
   433 | D        | Offered knowledge of Freeze by Vehumet.
   434 | D        | Reached skill level 5 in Dodging
   434 | D        | Reached skill level 5 in Stealth
   434 | D        | Reached skill level 8 in Spellcasting
   434 | D        | Reached XP level 5. HP: 28/28 MP: 13/17
   611 | D        | Learned a level 5 spell: Lee's Rapid Deconstruction
   616 | D        | Learned a level 4 spell: Petrify
   632 | D        | Offered knowledge of Searing Ray by Vehumet.
   632 | D        | Reached ** piety under Vehumet
   633 | D        | Reached skill level 10 in Earth Magic
   872 | D        | Offered knowledge of Inner Flame by Vehumet.
   877 | D        | Learned a level 3 spell: Inner Flame
   885 | D        | Noticed a floating eye
   888 | D        | Killed a floating eye
   888 | D        | Reached *** piety under Vehumet
   889 | D        | Reached skill level 9 in Spellcasting
   889 | D        | Reached skill level 1 in Conjurations
   889 | D        | Reached XP level 6. HP: 32/32 MP: 12/20
   892 | D        | Offered knowledge of Airstrike by Vehumet.
  1048 | D        | Reached **** piety under Vehumet
  1062 | D        | Noticed a tyrant leech
  1068 | D        | Killed a tyrant leech
  1068 | D        | Offered knowledge of Lightning Bolt by Vehumet.
  1069 | D        | Reached skill level 11 in Spellcasting
  1069 | D        | Reached XP level 7. HP: 36/36 MP: 13/23
  1225 | D        | Reached ***** piety under Vehumet
  1236 | D        | Noticed a dream sheep
  1236 | D        | Noticed a dream sheep
  1236 | D        | Noticed a dream sheep
  1236 | D        | Noticed a dream sheep
  1236 | D        | Noticed a dream sheep
  1240 | D        | Offered knowledge of Bolt of Magma by Vehumet.
  1240 | D        | Killed a dream sheep
  1240 | D        | Killed a dream sheep
  1240 | D        | Killed a dream sheep
  1241 | D        | Reached skill level 14 in Spellcasting
  1241 | D        | Reached XP level 8. HP: 16/41 MP: 24/28
  1241 | D        | Killed a dream sheep
  1242 | D        | Reached skill level 15 in Spellcasting
  1243 | D        | Killed a dream sheep
  1549 | D        | Noticed a smoke demon
  1552 | D        | Reached XP level 9. HP: 45/45 MP: 26/30
  1552 | D        | Killed a smoke demon
  1552 | D        | Reached ****** piety under Vehumet
  1552 | D        | Offered knowledge of Iron Shot by Vehumet.
  1553 | D        | Reached skill level 16 in Spellcasting
  1553 | D        | Reached skill level 15 in Earth Magic
  1565 | D        | Reached skill level 17 in Spellcasting
  1687 | D        | Noticed a molten gargoyle
  1692 | D        | Killed a molten gargoyle
  1810 | D        | Noticed a guardian mummy
  1813 | D        | Killed a guardian mummy
  1814 | D        | Reached skill level 18 in Spellcasting
  1814 | D        | Offered knowledge of Freezing Cloud by Vehumet.
  1884 | D        | Noticed a swamp dragon
  1886 | D        | Noticed Gastronok
  1887 | D        | Killed a swamp dragon
  1888 | D        | Reached XP level 10. HP: 50/50 MP: 25/34
  1890 | D        | Killed Gastronok
  1891 | D        | Reached skill level 20 in Spellcasting
  2005 | D        | Noticed a manticore
  2006 | D        | Killed a manticore
  2110 | D        | Learned a level 6 spell: Freezing Cloud
  2154 | D        | Offered knowledge of Spellforged Servitor by Vehumet.
  2174 | D        | Learned a level 7 spell: Spellforged Servitor
  2188 | D        | Noticed Erica
  2196 | D        | Killed Erica
  2197 | D        | Reached skill level 21 in Spellcasting
  2281 | D        | Reached XP level 11. HP: 30/54 MP: 34/38
  2281 | D        | Offered knowledge of Irradiate by Vehumet.
  2286 | D        | Noticed an orc high priest
  2287 | D        | Killed a shadow wraith
  2287 | D        | Killed an orc high priest
  2288 | D        | Reached skill level 22 in Spellcasting
  2473 | D        | Reached skill level 5 in Conjurations
  2529 | D        | Noticed a boulder beetle
  2534 | D        | Slain by a black mamba

Illustrated notes

Levels and vault maps discovered:
D:        pitsprint [storerooms_1, entrance_room_1, metal_vault_1, armoury_2,
          mini_pit_1, grid_room_1, main_hall_1, silver_pit, the_coven_1,
          the_vestibule_1, steel_vault_5, golden_pit, hallway_of_sentries,
          crystal_vault_3, iron_vault_4, final_vault]

Skill      XL: |  1  2  3  4  5  6  7  8  9 10 11 |
---------------+----------------------------------+-----
Dodging        | 4 5 6 |  6.0
Stealth        | 4 5 6 7 |  7.0
Spellcasting   | 6 8 9 11 14 15 18 21 22 | 22.7
Earth Magic    | 8 9 10 11 13 14 16 18 19 | 19.4
Conjurations   | 1 2 3 4 5 |  5.0
Fighting       | |  0.2
Transmutations | |  1.6

Action                   |  1- 3 |  4- 6 |  7- 9 | 10-12 || total
-------------------------+-------+-------+-------+-------++-------
 Cast: Sandblast         |     3 |     6 |       |       ||     9
       Stone Arrow       |       |    10 |       |     4 ||    14
       Lee's Rapid Decon |       |     5 |    20 |    25 ||    50
Armor: Robe              |       |     1 |       |       ||     1
Dodge: Dodged            |       |     4 |     4 |     1 ||     9

Table legend: (Time is in decaauts)
 A = Elapsed time spent in this place.
 B = Non-inter-level travel time spent in this place.
 C = Inter-level travel time spent in this place.
 D = Time resting spent in this place.
 E = Time spent auto-exploring this place.
 F = Levels seen in this place.
 G = Mean time per level.
                   A        B        C        D        E       F      G
               +--------+--------+--------+--------+--------+-----+--------+
         Total |   2532 |   2532 |      0 |   1909 |      0 |   1 | 2532.0 |
       Dungeon |   2532 |   2532 |      0 |   1909 |      0 |   1 | 2532.0 |
               +--------+--------+--------+--------+--------+-----+--------+

Top non-repeatable levels by time:
       D: 2532 daAuts
